 Dungeon Crawl Stone Soup version 0.21-a0-331-gfb491b4 (webtiles) character file.

201 tilp the Firebug (level 5, -1/38 HPs)
             Began as a Hill Orc Fire Elementalist on Oct 2, 2017.
             Slain by a worker ant (6 damage)
             ... on level 3 of the Dungeon.
             The game lasted 00:10:01 (3932 turns).

tilp the Firebug (Hill Orc Fire Elementalist)       Turns: 3932, Time: 00:10:02

Health: -1/38      AC:  4    Str: 11    XL:     5   Next: 79%
Magic:  4/9        EV: 12    Int: 16    God:
Gold:   143        SH:  0    Dex: 11    Spells: 3/9 levels left

rFire    . . .     SeeInvis .   d - +4 halberd
rCold    . . .     Gourm    .   (shield currently unavailable)
rNeg     . . .     Faith    .   f - +0 robe
rPois    .         Spirit   .   h - +0 helmet
rElec    .         Reflect  .   k - +0 cloak
rCorr    .         Harm     .   (no gloves)
MR       .....                  (no boots)
Stlth    ++........             (no amulet)
HPRegen  0.12/turn              (no ring)
MPRegen  0.11/turn              (no ring)

@: no status effects
A: no striking features
a: no special abilities


You were on level 3 of the Dungeon.
You were not hungry.

You visited 1 branch of the dungeon, and saw 4 of its levels.

You collected 143 gold pieces.

Inventory:

Hand Weapons
 a - a +0 dagger
 b - a +0 hunting sling
 d - a +4 halberd (weapon)
 x - a +0 war axe
Missiles
 p - 25 stones (quivered)
 s - 14 sling bullets
Armour
 f - a +0 robe (worn)
 h - a +0 helmet (worn)
 k - a +0 cloak (worn)
Jewellery
 l - a +3 ring of intelligence {unknown}
Wands
 t - a wand of random effects (14/48)
 u - a wand of enslavement (10/24)
Scrolls
 e - 6 scrolls of identify {unknown}
 i - 2 scrolls of remove curse {unknown}
 j - 2 scrolls of recharging {unknown}
 n - a scroll of amnesia {unknown}
 q - a scroll of enchant weapon {unknown}
 v - a scroll of teleportation {unknown}
Potions
 g - a potion of heal wounds {unknown}
 o - a potion of curing {unknown}
 w - a potion of brilliance {unknown}
 z - a potion of flight {unknown}
Books
 r - a book of Flames

   Spells                             Type                      Level
   a - Flame Tongue                   Conjuration/Fire             1
   b - Throw Flame                    Conjuration/Fire             2
   c - Conjure Flame                  Conjuration/Fire             3
   d - Inner Flame                    Hexes/Fire                   3
   e - Sticky Flame                   Conjuration/Fire             4
   f - Fireball                       Conjuration/Fire             5
Comestibles
 c - 3 bread rations
 m - 2 meat rations


   Skills:
 - Level 1.5 Dodging
 - Level 1.5 Stealth
 + Level 2.8 Spellcasting
 + Level 3.2 Conjurations
 + Level 4.7 Fire Magic


You had 3 spell levels left.
You knew the following spells:

 Your Spells              Type           Power        Failure   Level  Hunger
a - Flame Tongue          Conj/Fire      ###..        3%          1    #......
b - Throw Flame           Conj/Fire      ###...       5%          2    ##.....
c - Conjure Flame         Conj/Fire      ###.....     11%         3    ###....


Dungeon Overview and Level Annotations

Branches:
Dungeon (4/15)
 Temple: D:4-7

Altars:
Ru
Yredelemnul
Zin

Annotations:
D:3 vishdafish's ghost, amateur DsSk
D:4 Grinder


Message History

d - a +4 halberd (weapon)
Unknown command.
The worker ant is no longer charmed.
The worker ant bites you but does no damage.
You barely miss the worker ant.
The worker ant is lightly wounded.
The worker ant bites you but does no damage.
The worker ant bites you.
* * * LOW HITPOINT WARNING * * *
You closely miss the worker ant.
The worker ant is lightly wounded.
The worker ant barely misses you. x2
You barely miss the worker ant.
The worker ant is lightly wounded.
The worker ant bites you.
* * * LOW HITPOINT WARNING * * *
You hit the worker ant.
The worker ant is lightly wounded.
The worker ant bites you.
You die...

#....# #.#.#
#.#.##..##.# ######
#.#.# #.#.#...##.#
#.#.# #.#.#...##.# ###
#.#.# #.#.#...##.# #.#
#.#.###.#.#....#.#
#.####.............##.#
#......................
#.####.......#.##..##.#
#.# #@#.#####.........
#.# #a#.########.####.
#.# #.#.##...# #.# #.
####.####.#.##.#.# #.#
#. #.).......#......#
#.####.
#########.#.##.###
#...... ###.##.#
#.##### ####.# #.# ###
###


You could see a worker ant.

Vanquished Creatures
  3 hounds
  Terence (D:2)
  2 gnolls (D:4)
  An ooze (D:2)
  An adder skeleton (D:4)
  A dart slug (D:1)
  2 leopard geckos
  9 bats
  2 giant cockroaches
  9 goblins
  4 hobgoblins
  2 ball pythons
  4 frilled lizards
  2 gnoll zombies (D:4)
  6 kobolds
  3 rats
52 creatures vanquished.

Vanquished Creatures (collateral kills)
  A hound skeleton (D:4)
  A gnoll (D:4)
2 creatures vanquished.

Grand Total: 54 creatures vanquished

Notes
Turn   | Place    | Note
-------+----------+-------------------------------------------
     0 | D:1      | tilp the Hill Orc Fire Elementalist began the quest for the Orb.
     0 | D:1      | Reached XP level 1. HP: 14/14 MP: 3/3
   438 | D:1      | Reached XP level 2. HP: 20/20 MP: 2/4
   442 | D:1      | Learned a level 2 spell: Throw Flame
  1214 | D:2      | Reached XP level 3. HP: 21/26 MP: 4/6
  1219 | D:2      | Learned a level 3 spell: Conjure Flame
  2063 | D:2      | Noticed Terence
  2102 | D:2      | Killed Terence
  2102 | D:2      | Reached skill level 4 in Fire Magic
  2102 | D:2      | Reached XP level 4. HP: 33/33 MP: 0/7
  2262 | D:3      | Found a sacrificial altar of Ru.
  2435 | D:3      | Noticed vishdafish's ghost (amateur DsSk)
  3365 | D:4      | Noticed a phantom
  3461 | D:4      | Found a basalt altar of Yredelemnul.
  3512 | D:4      | Reached XP level 5. HP: 31/38 MP: 2/8
  3779 | D:4      | Noticed Grinder
  3911 | D:4      | Found a glowing silver altar of Zin.
  3911 | D:4      | Noticed an angel
  3932 | D:3      | Slain by a worker ant

Vault maps used:
D:1:      dpeg_arrival_round_a, minmay_misc_feat_more_columns
D:2:      uniq_terence
D:3:      lemuel_doored_altar, first_bread
D:4:      minmay_diamond_boxcup, grunt_temple_overflow_order_and_chaos_1,
          lemuel_zombie_altar_yredelemnul, uniq_pikel, uniq_grinder

Skill      XL: |  1  2  3  4  5 |
---------------+----------------+-----
Spellcasting   | 2 |  2.8
Conjurations   | 2 3 |  3.2
Fire Magic     | 4 |  4.7
Dodging        | |  1.5
Stealth        | |  1.5

Action                   |  1- 3 |  4- 6 || total
-------------------------+-------+-------++-------
Melee: Dagger            |   124 |       ||   124
       Halberd           |       |     4 ||     4
 Fire: Hunting sling     |     5 |    26 ||    31
 Cast: Flame Tongue      |    24 |    37 ||    61
       Conjure Flame     |     1 |     1 ||     2
Evoke: Wand              |       |     3 ||     3
 Stab: Sleeping          |     3 |       ||     3
  Eat: Chunk             |     4 |     4 ||     8
       Royal jelly       |       |     1 ||     1
Armor: Robe              |    40 |    10 ||    50
Dodge: Dodged            |    77 |    24 ||   101

Table legend:
 A = Spawn XP
 B = Non-spawn XP
 C = Spawn XP percentage of total XP
 D = Spawn monster count
 E = Non-spawn monster count
 F = Spawn count percentage of total count
 G = Total turns spent on level
                    A         B        C        D         E        F      G
               +---------+---------+-------+---------+---------+-------+---------
         Total |       0 |     288 |   0.0 |       0 |      54 |   0.0 |  3932
               +---------+---------+-------+---------+---------+-------+---------
           D:1 |       0 |      27 |   0.0 |       0 |      16 |   0.0 |  1176
           D:2 |       0 |     106 |   0.0 |       0 |      18 |   0.0 |  1185
           D:3 |       0 |      15 |   0.0 |       0 |      10 |   0.0 |  1036
           D:4 |       0 |     140 |   0.0 |       0 |      10 |   0.0 |   535
               +---------+---------+-------+---------+---------+-------+---------
